 Dungeon Crawl Stone Soup version 0.24.0-1-gfbc8707122 (webtiles) character file.

Game seed: 2721282684072664105, levelgen mode: deterministic

60307 Froggeryz the Bludgeoner (level 14, -7/88 HPs)
             Began as a Gargoyle Abyssal Knight on Oct 27, 2019.
             Was the Champion of Lugonu.
             Killed by the air
             ... invoked by a blizzard demon
              (42 damage)
             ... in a Gauntlet.
             The game lasted 01:01:56 (24234 turns).

Froggeryz the Bludgeoner (Gargoyle Abyssal Knight) Turns: 24234, Time: 01:01:58

Health: -7/88      AC: 29    Str: 21    XL:     14   Next: 98%
Magic:  18/18      EV:  8    Int: 15    God:    Lugonu [******]
Gold:   1155       SH: 14    Dex: 11    Spells: 12/13 levels left

rFire    x . .     SeeInvis .   C - +5 whip of Annihilation {venom, Fragile rF- MR+++ Str+4}
rCold    + + .     Gourm    .   W - +0 shield
rNeg     + . .     Faith    +   P - +1 chain mail "Noom" {rF+}
rPois    ∞         Spirit   .   D - +2 helmet
rElec    +         Reflect  .   (no cloak)
rCorr    .         Harm     .   f - +2 pair of gloves
MR       ++++.     NoTele   +   (no boots)
Stlth    ..........             d - amulet of faith
HPRegen  0.24/turn              k - ring of ice
MPRegen  0.16/turn              g - ring of protection from cold

@: flying
A: big wings, negative energy resistance 1, electricity resistance, unbreathing,
petrification resistance, rot immunity, AC +10
a: Stop Flying, Depart the Abyss, Bend Space, Banish, Corrupt, Enter the Abyss,
Brand Weapon With Distortion, Renounce Religion


You were in a Gauntlet.
You worshipped Lugonu.
Lugonu was exalted by your worship.
You were hungry.

You visited 2 branches of the dungeon, and saw 19 of its levels.
You visited the Abyss 1 time.
You also visited: Sewer and Gauntlet.

You collected 1420 gold pieces.
You spent 265 gold pieces at shops.

Inventory:

Hand Weapons
 e - a +2 rapier of draining
 o - a +1 scimitar of flaming
 t - a +1 mace of draining
 C - the +5 whip of Annihilation (weapon) {venom, Fragile rF- MR+++ Str+4}
   (You bought it in a shop on level 6 of the Dungeon)

   It poisons the flesh of those it strikes.
   It affects your strength (+4).
   It makes you vulnerable to fire.
   It affects your resistance to hostile enchantments.
   It will be destroyed if unequipped.
 I - a +2 flail of flaming
 Z - a +0 morningstar
Missiles
 q - 6 silver javelins (quivered)
 O - 12 curare-tipped darts
Armour
 a - a +0 ring mail of fire resistance
 f - a +2 pair of gloves (worn)
 D - a +2 helmet (worn)
 E - a +2 leather armour of fire resistance
 P - the +1 chain mail "Noom" (worn) {rF+}
   (You found it on level 3 of the Lair of Beasts)

   It protects you from fire.
 W - a +0 shield (worn)
Jewellery
 d - an amulet of faith (around neck)
 g - a ring of protection from cold (right hand)
 k - a ring of ice (left hand)
 r - an uncursed ring of stealth
 s - a +6 ring of protection
 v - an uncursed amulet of rage
 L - a +5 amulet of reflection
 N - an uncursed ring of protection from fire
Wands
 b - a wand of iceblast (25)
 p - a wand of flame (72)
 w - a wand of polymorph (9)
 y - a wand of clouds (3)
 G - a wand of paralysis (5)
 H - a wand of enslavement (9)
 U - a wand of digging (3)
 Y - a wand of disintegration (15)
Scrolls
 h - 4 scrolls of enchant armour
 j - 7 scrolls of remove curse
 m - 3 scrolls of amnesia
 n - 4 scrolls of teleportation
 x - 6 scrolls of magic mapping
 z - 2 scrolls of identify
 K - a scroll of fog
 T - a scroll of brand weapon
 V - 2 scrolls of fear
 X - 2 scrolls of enchant weapon
Potions
 i - 5 potions of mutation
 l - a potion of magic
 u - 2 potions of might {unknown}
 A - a potion of ambrosia
 B - 5 potions of curing
 F - 4 potions of agility
 J - 2 potions of lignification {unknown}
 M - a potion of berserk rage
 Q - a potion of haste
Miscellaneous
 R - a phantom mirror
Comestibles
 c - 59 rations


   Skills:
 - Level 10.1 Fighting
 - Level 16.6 Maces & Flails
 - Level 9.3 Armour
 - Level 0.7 Dodging
 * Level 15.1 Shields
 - Level 6.0 Invocations


You had 12 spell levels left.
You knew the following spells:

 Your Spells              Type           Power        Failure   Level  Hunger
a - Apportation           Tloc           #.....       88%         1    ##.....

Your spell library contained the following spells:

 Spells                   Type           Power        Failure   Level  Hunger
 Animate Skeleton         Necr           N/A          88%         1    ##.....
 Confusing Touch          Hex            #.....       88%         1    ##.....
 Corona                   Hex            #......      88%         1    ##.....
 Infusion                 Chrm           #...         88%         1    ##.....
 Sting                    Conj/Pois      #...         88%         1    ##.....
 Summon Small Mammal      Summ           #...         88%         1    ##.....
 Ensorcelled Hibernation  Hex/Ice        #.....       95%         2    ###....
 Poisonous Vapours        Pois/Air       #.....       95%         2    ###....
 Shroud of Golubria       Chrm/Tloc      #.....       95%         2    ###....
 Slow                     Hex            #.......     95%         2    ###....
 Song of Slaying          Chrm           #.......     95%         2    ###....
 Confuse                  Hex            #.......     99%         3    ####...
 Dazzling Spray           Conj/Hex       #.....       99%         3    ####...
 Inner Flame              Hex/Fire       #.......     99%         3    ####...
 Mephitic Cloud           Conj/Pois/Air  #.......     99%         3    ####...
 Portal Projectile        Hex/Tloc       #.....       99%         3    ####...
 Regeneration             Chrm/Necr      #.........   99%         3    ####...
 Spectral Weapon          Hex/Chrm       #.......     99%         3    ####...
 Tukima's Dance           Hex            #.......     99%         3    ####...
 Cause Fear               Hex            #.........   100%        4    #####..
 Leda's Liquefaction      Hex/Erth       #.........   100%        4    #####..
 Olgreb's Toxic Radiance  Pois           #.......     100%        4    #####..
 Venom Bolt               Conj/Pois      #.........   100%        5    ######.


Dungeon Overview and Level Annotations

Branches:
Dungeon (13/15)            Temple (0/1) D:5            Lair (6/6) D:9
  Swamp (0/4) Lair:3        Snake (0/4) Lair:3        Slime (0/5) Lair:5
    Orc (0/2) D:10         Vaults (0/5) D:13          Sewer (visited)
Gauntlet (1/1)

Altars:
Ashenzari
Gozag
Kikubaaqudgha
Makhleb
Okawaru
Trog
Wu Jian
Yredelemnul
The Shining One

Shops:
D:6 (   D:9 %   D:11 *

Annotations:
D:7 1 runed translucent door
D:8 3 runed translucent doors, newtant's ghost, novice GrGl
D:9 1 exclusion
D:11 2 transporters, Goucsema's ghost, novice FoHu Gauntlet 7 transporters, 17 runed translucent doors


Innate Abilities, Weirdness & Mutations

You are resistant to torment.
Your stone body is resilient. (AC +10)
You are immune to poison.
Your large and strong wings let you fly indefinitely.
You resist negative energy. (rN+)
You are resistant to electric shocks. (rElec)
You can survive without breathing.
You are immune to petrification.
You are immune to rotting.


Message History

You resist.
* * * LOW HITPOINT WARNING * * *
You feel much better.
You block the blizzard demon's attack. x2
You closely miss the blizzard demon.
The blizzard demon is heavily wounded.
You closely miss the blizzard demon.
The blizzard demon is heavily wounded.
The blizzard demon hits you! The blizzard demon hits you.
You hit the blizzard demon but do no damage.
The blizzard demon is heavily wounded.
The blizzard demon gestures at you. The freezing blast engulfs you. You resist.
There is an open translucent gate here.
You hit the blizzard demon but do no damage.
The blizzard demon is heavily wounded.
You are engulfed in freezing vapours.
You resist.
The blizzard demon is engulfed in freezing vapours.
The blizzard demon waves its arms in wide circles.
The air twists around and violently strikes you in flight!!!
You die...

#≈.....................
##......................
8#..###########...######
#..#...+..+..#.8.#.#..#
#..#...+..+..#...#....#
#..#).##++#++#####.###.
≈#..#.☼'...+..#...#.##.#
.#..#☼☼2§..#.©#©.©#©.#.#
.#..#[§@☼..'..#...#.##..
.#..#%○##++#++#####(##.#
.#..#☼..+..+..#...#.....
.#..#...+..+..#...#.##..
.#..###########...######
.#§.............≈.......
.#∩............≈8§......
.#§.............≈.......
.#..###########...######


You could see a blizzard demon.

Vanquished Creatures
  Kirke (D:11)
  Nessos (D:12)
  5 hydras
  A catoblepas (D:12)
  Erica (D:7)
  A centaur warrior (D:13)
  2 unseen horrors
  A necromancer (Gauntlet)
  A cyclops (D:12)
  2 ugly things
  2 wolf spiders (Lair:3)
  2 deep elf magi
  2 manticores (D:11)
  4 black mambas
  2 gargoyles
  A guardian serpent (D:9)
  11 spiny frogs
  2 rime drakes
  13 komodo dragons
  5 polar bears
  6 hornets
  A queen bee (D:9)
  5 trolls
  Prince Ribbit (D:6)
  3 slime creatures (Lair:5)
  Grinder (D:6)
  22 dream sheep
  24 blink frogs
  10 hippogriffs
  Sigmund (D:6)
  11 spriggans (Lair:6)
  A wraith (D:10)
  Eustachio (D:5)
  4 wyverns
  A human (D:12)
  Grum (Lair:1)
  37 yaks
  2 basilisks (Lair:3)
  3 hogs (D:11)
  Menkaure (D:4)
  7 vampire mosquitoes
  4 nagas (Lair:3)
  2 acid dragons
  6 water moccasins
  8 porcupines
  2 orc warriors
  3 phantoms
  4 sky beasts
  6 black bears
  3 ice beasts
  2 eyes of draining (D:4)
  2 necrophages
  2 centaurs (D:9)
  5 ogres
  33 wolves
  3 boggarts (Lair:6)
  6 big kobolds
  15 crocodiles
  Blork the orc (D:5)
  20 bullfrogs
  A gnoll sergeant (D:9)
  4 scorpions
  39 killer bees
  3 electric eels
  2 centaur zombies
  2 howler monkeys
  3 crimson imps
  2 quasits
  2 bullfrog skeletons
  2 bullfrog zombies
  9 hounds
  4 jellies
  An orc priest (D:6)
  3 orc wizards
  A centaur skeleton (D:9)
  4 iguanas
  10 worker ants
  A hound zombie (D:8)
  2 hound skeletons
  2 worker ant zombies
  A howler monkey skeleton (D:7)
  22 adders
  9 gnolls
  4 shadow imps
  An ooze (D:4)
  An adder skeleton (D:7)
  2 worms (D:4)
  4 dart slugs
  10 leopard geckos
  27 orcs
  A ball python (D:2)
  5 giant cockroaches
  A goblin (D:2)
  7 hobgoblins
  9 jackals
  4 quokkas
  6 bats
  5 frilled lizards
  2 goblin skeletons (D:8)
  A goblin zombie (D:8)
  A hobgoblin zombie (D:8)
  24 kobolds
  9 rats
  A fungus (D:9)
584 creatures vanquished.

Vanquished Creatures (collateral kills)
  A boggart (Lair:6)
1 creature vanquished.

Vanquished Creatures (others)
  A human (D:12)
  A crocodile (Lair:6)
  A bush (Lair:6)
  2 demonic plants (Gauntlet)
  43 fungi
  72 plants
120 creatures vanquished.

Grand Total: 705 creatures vanquished

Notes
Turn   | Place    | Note
-------+----------+-------------------------------------------
     0 | Abyss:1  | Froggeryz the Gargoyle Abyssal Knight began the quest for
                  | the Orb.
     0 | Abyss:1  | Reached XP level 1. HP: 14/14 MP: 2/2
    10 | D:1      | Escaped the Abyss
   136 | D:1      | Reached XP level 2. HP: 19/19 MP: 3/3
   232 | D:1      | Reached skill level 3 in Maces & Flails
   537 | D:2      | Reached ** piety under Lugonu
   631 | D:2      | Reached XP level 3. HP: 23/23 MP: 4/4
  1146 | D:3      | Reached skill level 4 in Maces & Flails
  1146 | D:3      | Reached XP level 4. HP: 22/28 MP: 5/5
  1319 | D:3      | Found a glowing drain.
  1345 | Sewer    | Entered a sewer
  1353 | Sewer    | Reached *** piety under Lugonu
  1403 | Sewer    | Noticed a big kobold
  1450 | Sewer    | Killed a big kobold
  1450 | Sewer    | Reached skill level 5 in Maces & Flails
  1450 | Sewer    | Reached XP level 5. HP: 20/32 MP: 6/6
  1468 | Sewer    | Found a glowing silver altar of Zin.
  2351 | D:4      | Reached skill level 6 in Maces & Flails
  2535 | D:4      | Reached XP level 6. HP: 37/37 MP: 7/7
  2640 | D:4      | Found a bloodstained altar of Trog.
  2640 | D:4      | Noticed an eye of draining
  2641 | D:4      | Noticed an eye of draining
  2663 | D:4      | Killed an eye of draining
  2674 | D:4      | Killed an eye of draining
  2674 | D:4      | Reached skill level 7 in Maces & Flails
  2875 | D:4      | Reached XP level 7. HP: 27/41 MP: 8/8
  3664 | D:5      | Entered Level 5 of the Dungeon
  3690 | D:5      | Noticed Eustachio
  3693 | D:5      | Noticed Menkaure
  3723 | D:4      | Killed Menkaure
  3998 | D:5      | Killed Eustachio
  3998 | D:5      | Reached skill level 8 in Maces & Flails
  4047 | D:5      | Found an opulent altar of Gozag.
  4177 | D:5      | Noticed Blork the orc
  4186 | D:5      | Killed Blork the orc
  4224 | D:5      | Found a basalt altar of Yredelemnul.
  4224 | D:5      | Found a shattered altar of Ashenzari.
  4226 | D:5      | Found an ancient bone altar of Kikubaaqudgha.
  4227 | D:5      | Found an iron altar of Okawaru.
  4227 | D:5      | Found a burning altar of Makhleb.
  4402 | D:5      | Reached skill level 9 in Maces & Flails
  4478 | D:5      | Found a staircase to the Ecumenical Temple.
  4492 | D:5      | Reached **** piety under Lugonu
  4492 | D:5      | Reached XP level 8. HP: 46/46 MP: 9/9
  4890 | D:6      | Noticed Sigmund
  4962 | D:6      | Killed Sigmund
  5061 | D:6      | Reached skill level 10 in Maces & Flails
  5297 | D:6      | Noticed Prince Ribbit
  5317 | D:6      | Killed Prince Ribbit
  5645 | D:6      | Noticed Grinder
  5704 | D:6      | Found Hiujurur's Antique Weapon Shoppe.
  5713 | D:6      | Killed Grinder
  5713 | D:6      | Reached XP level 9. HP: 50/52 MP: 10/10
  6053 | D:6      | Reached skill level 5 in Fighting
  6053 | D:6      | Reached skill level 11 in Maces & Flails
  6726 | D:7      | Reached ***** piety under Lugonu
  6885 | D:6      | Bought a jewelled whip for 217 gold pieces
  6885 | D:6      | Identified the +5 whip of Annihilation {venom, Fragile rF-
                  | MR+++ Str+4} (You bought it in a shop on level 6 of the
                  | Dungeon)
  7145 | D:7      | Found a runed translucent door.
  7197 | D:7      | Noticed a deep elf mage
  7212 | D:7      | Reached skill level 12 in Maces & Flails
  7218 | D:7      | Killed a deep elf mage
  7286 | D:7      | Reached XP level 10. HP: 49/61 MP: 11/11
  7316 | D:7      | Killed an unseen horror
  7967 | D:8      | Noticed Erica
  8096 | D:7      | Killed Erica
  8096 | D:7      | Reached skill level 13 in Maces & Flails
  8378 | D:8      | Found a runed translucent gate.
  8379 | D:8      | Found a runed translucent gate.
  8380 | D:8      | Found a runed translucent gate.
  8380 | D:8      | Noticed newtant's ghost (novice GrGl)
  8380 | D:8      | Noticed a nine-headed hydra
  8526 | D:8      | Found a glowing golden altar of the Shining One.
  9149 | D:9      | Noticed a guardian serpent
  9365 | D:9      | Reached skill level 14 in Maces & Flails
  9365 | D:9      | Reached XP level 11. HP: 67/71 MP: 12/12
  9420 | D:9      | Found a staircase to the Lair.
  9507 | D:9      | Found Geupt's Food Emporium.
 10193 | D:9      | Found an ornate altar of the Wu Jian Council.
 10445 | D:10     | Entered Level 10 of the Dungeon
 10489 | D:10     | Reached ****** piety under Lugonu
 10635 | Lair:1   | Entered Level 1 of the Lair of Beasts
 10660 | Lair:1   | Reached skill level 10 in Fighting
 10822 | Lair:1   | Reached skill level 15 in Maces & Flails
 10922 | Lair:1   | Noticed Grum
 10954 | Lair:1   | Killed Grum
 11312 | Lair:1   | Noticed an eight-headed hydra
 11325 | Lair:1   | Killed an eight-headed hydra
 11707 | Lair:2   | Noticed a four-headed hydra
 11720 | Lair:2   | Killed a four-headed hydra
 11720 | Lair:2   | Reached skill level 5 in Armour
 11720 | Lair:2   | Reached XP level 12. HP: 66/77 MP: 13/13
 12387 | Lair:2   | Noticed a seven-headed hydra
 12665 | Lair:2   | Killed a seven-headed hydra
 12697 | Lair:4   | Noticed a six-headed hydra
 12703 | Lair:4   | HP: 2/77 [six-headed hydra (3)]
 12704 | Lair:4   | Killed a six-headed hydra
 13383 | Lair:3   | Reached skill level 16 in Maces & Flails
 14469 | Lair:3   | Found a staircase to the Snake Pit.
 14517 | Lair:3   | Got a distressingly furry chain mail
 14528 | Lair:3   | Identified the cursed +1 chain mail "Noom" {rF+} (You found
                  | it on level 3 of the Lair of Beasts)
 15039 | Lair:3   | Found a staircase to the Swamp.
 15061 | Lair:3   | Reached XP level 13. HP: 74/82 MP: 16/16
 15541 | Lair:4   | Reached skill level 5 in Invocations
 15851 | Lair:3   | Reached skill level 1 in Shields
 16582 | Lair:4   | Reached skill level 5 in Shields
 18118 | Lair:5   | Found a staircase to the Slime Pits.
 18575 | Lair:6   | Entered Level 6 of the Lair of Beasts
 19243 | Lair:6   | Reached skill level 10 in Shields
 19472 | Lair:6   | Gained mutation: Your large and strong wings let you fly
                  | indefinitely. [Gargoyle growth]
 19472 | Lair:6   | Reached XP level 14. HP: 51/88 MP: 18/18
 21331 | D:10     | Found a staircase to the Orcish Mines.
 21391 | D:10     | Learned a level 1 spell: Apportation
 22088 | D:11     | Found Soegui's Assorted Antiques.
 22096 | D:11     | Bought a scroll of identify for 48 gold pieces
 22838 | D:11     | Noticed Goucsema's ghost (novice FoHu)
 22848 | D:11     | Found a transporter.
 22862 | D:11     | Found a transporter.
 22913 | D:12     | Noticed Kirke
 22991 | D:11     | Killed Kirke
 23362 | D:12     | Noticed Nessos
 23384 | D:12     | Killed Nessos
 23947 | D:13     | Found a gate to the Vaults.
 24026 | D:13     | Found a gate leading to a gauntlet.
 24036 | Gauntlet | Entered a Gauntlet
 24036 | Gauntlet | Found a transporter.
 24036 | Gauntlet | Found a transporter.
 24040 | Gauntlet | Found a transporter.
 24040 | Gauntlet | Found a transporter.
 24042 | Gauntlet | Found a transporter.
 24042 | Gauntlet | Found a transporter.
 24058 | Gauntlet | Found a transporter.
 24059 | Gauntlet | Found a transporter.
 24063 | Gauntlet | Found a transporter.
 24065 | Gauntlet | Found a large runed translucent door.
 24066 | Gauntlet | Found a large runed translucent door.
 24067 | Gauntlet | Found a large runed translucent door.
 24067 | Gauntlet | Found a large runed translucent door.
 24067 | Gauntlet | Found a runed translucent door.
 24067 | Gauntlet | Found a runed translucent door.
 24068 | Gauntlet | Found a large runed translucent door.
 24068 | Gauntlet | Found a large runed translucent door.
 24068 | Gauntlet | Found a large runed translucent door.
 24068 | Gauntlet | Found a large runed translucent door.
 24069 | Gauntlet | Found a large runed translucent door.
 24069 | Gauntlet | Found a large runed translucent door.
 24069 | Gauntlet | Found a large runed translucent door.
 24070 | Gauntlet | Found a large runed translucent door.
 24070 | Gauntlet | Found a large runed translucent door.
 24071 | Gauntlet | Found a runed translucent gate.
 24071 | Gauntlet | Found a runed translucent gate.
 24071 | Gauntlet | Found a runed translucent gate.
 24073 | Gauntlet | Found a transporter.
 24073 | Gauntlet | Found a transporter.
 24074 | Gauntlet | Found a transporter.
 24074 | Gauntlet | Noticed a cacodemon
 24127 | Gauntlet | Reached skill level 15 in Shields
 24198 | Gauntlet | Found a large runed translucent door.
 24200 | Gauntlet | Found a large runed translucent door.
 24200 | Gauntlet | Found a large runed translucent door.
 24234 | Gauntlet | Killed from afar by a blizzard demon

Levels and vault maps discovered:
D:1:      dpeg_arrival_rooms_with_view, layout_rooms
D:2:      minmay_general_purpose_star, layout_basic, first_ration
D:3:      layout_basic, portal_sewer_entry_f
D:4:      layout_layer_cave, trog_eyes_of_draining
D:5:      layout_basic, grunt_temple_overflow_open, minmay_temple_entry_arrows,
          basic_altar, uniq_menkaure, uniq_eustachio, uniq_blork_the_orc
D:6:      layout_gridville, serial_shops, kennysheep_mini_moat,
          minmay_misc_feat_ornament, chequers_serial_rivers_small_3,
          uniq_prince_ribbit1, uniq_sigmund, uniq_grinder
D:7:      minmay_the_grid_triangle_9x9_rhombus_full
          [minmay_the_grid_triangle_9x9_limited_checkers,
          minmay_the_grid_triangle_9x9_cache,
          minmay_the_grid_triangle_9x9_skeleton,
          minmay_the_grid_triangle_9x9_corrupted_corridor,
          minmay_the_grid_triangle_9x9_checkered,
          minmay_the_grid_triangle_9x9_longest,
          minmay_the_grid_triangle_9x9_subtriangle,
          minmay_the_grid_triangle_9x9_prize_top_heavy], layout_cave_pools
D:8:      layout_cave_pools, nicolae_tso_besieged_by_evil,
          gammafunk_ghost_hydra_chop, uniq_erica
D:9:      layout_rooms, kennysheep_mini, due_lair_maze_entry_diamond,
          enter_bailey_2, serial_shops, nicolae_shop_behind_doors, special_room
          [special_room_bee], blue_anna_alchemist [blue_anna_fruit_fields,
          blue_anna_fruit_fields], nrook_guardian_serpent_double
D:10:     layout_roguey, orc_0_dummy, minmay_fractal_squares_gapless_5
D:11:     layout_roguey, gammafunk_ghost_berserking_beasts, serial_shops,
          nicolae_shop_temple_entry_statues_fountains, nicolae_water_bricks,
          item_on_display_a
D:12:     layout_cave_pools, uniq_nessos, uniq_kirke
D:13:     layout_basic, lightli_vaults_fourway_checkpoint,
          gauntlet_entry_generic
Lair:1:   layout_hall_layers, grunt_megastairs_1, infiniplex_staircase_pool_2,
          lemuel_fruit_tree, uniq_grum
Lair:2:   layout_chaotic_city, serial_bayou_shore_a
Lair:3:   minmay_lair_venomous_thicket, layout_layer_cave,
          minmay_swamp_entry_swarm, minmay_snake_entry_guardpost_medium,
          minmay_holes, serial_bayou_lake_a
Lair:4:   layout_regular_city, beast_lair_carwin_11
Lair:5:   layout_cave_pods, minmay_slime_entry_pillars, lemuel_fruit_fields
Lair:6:   minmay_lair_end_enchanted_forest, layout_hall_layers
Gauntlet: gammafunk_gauntlet_hard_choice [gammafunk_gauntlet_arena_split_x,
          gammafunk_gauntlet_arena_arrow_garden,
          gammafunk_gauntlet_arena_crates, nicolae_gauntlet_arena_t_cross,
          minmay_gauntlet_arena_make_your_own_arena, nicolae_gauntlet_arena_x,
          gauntlet_exit_watery]

Skill      XL: |  1  2  3  4  5  6  7  8  9 10 11 12 13 14 |
---------------+-------------------------------------------+-----
Maces & Flails | 3 4 5 6 7 9 10 12 14 15 16 | 16.6
Fighting       | 4 6 9 10 | 10.1
Armour         | 5 9 |  9.3
Invocations    | 4 6 |  6.0
Shields        | 10 15 | 15.1
Dodging        | |  0.7

Action                   |  1- 3 |  4- 6 |  7- 9 | 10-12 | 13-15 || total
-------------------------+-------+-------+-------+-------+-------++-------
Melee: Mace              |    94 |   171 |   412 |   267 |       ||   944
       Flail             |       |       |       |   267 |       ||   267
       Club              |       |       |       |     7 |       ||     7
       Whip              |       |       |       |   561 |  1748 ||  2309
Throw: Javelin           |       |       |     4 |     2 |     2 ||     8
 Abil: Fly               |       |       |       |       |     1 ||     1
Evoke: Wand              |       |       |     4 |    27 |     5 ||    36
  Use: Scroll            |       |     6 |     9 |     8 |    12 ||    35
       Potion            |       |       |     6 |     8 |     3 ||    17
 Stab: Sleeping          |       |     1 |       |     5 |       ||     6
       Paralysed         |       |       |       |     8 |     7 ||    15
  Eat: Chunk             |       |     6 |     8 |    19 |    30 ||    63
       Ration            |       |       |     2 |     2 |       ||     4
Armor: Leather armour    |    35 |    69 |   216 |   428 |       ||   748
       Chain mail        |       |       |       |    69 |   681 ||   750
Dodge: Dodged            |    73 |   100 |   238 |   466 |   345 ||  1222
Block: Buckler           |       |       |       |       |    47 ||    47
       Shield            |       |       |       |       |   342 ||   342
